Map: Tropical Sacrifice

Players

Jay

  • Race: Zerg Zerg
  • Spawn Location: 1:00

MCanning - Winner!

  • Race: Protoss Protoss
  • Spawn Location: 7:00

Event: DreamHack SC2 Masters 2022 Atlanta (Offline)

VOD

Have the link to the VOD?

Description

Time

  • Played on: Nov. 18, 2022, 1:44 p.m.
  • Length: 11:55

All games in this series

Show
View Real Time Build Order
Export as new Build Order

Jay Zerg 

Build Orders: Hatch First 

Get SALT Encoding   

  12  0:00  Drone  
  13  0:12  Overlord  
  13  0:18  Drone  
  14  0:31  Drone x2  
  16  0:50  Hatchery  
  16  0:53  Drone  
  16  0:58  Drone  
  16  1:01  Drone  
  18  1:12  Extractor  
  18  1:17  Spawning Pool  
  16  1:19  Drone  
  16  1:22  Drone  
  18  1:28  Drone  
  19  1:39  Drone  
  20  1:49  Overlord  
  20  2:04  Queen x2  
  20  2:05  Zergling x4  
  26  2:11  Drone  
  26  2:13  Drone  
  28  2:22  Drone  
  29  2:24  Drone  
  30  2:33  Hatchery  
  29  2:37  Metabolic Boost  
  29  2:40  Drone  
  30  2:47  Drone x2  
  32  2:51  Queen  
  33  3:02  Overlord  
  33  3:04  Drone x2  
  35  3:15  Overlord  
  35  3:20  Queen  
  35  3:23  Drone x3  
  35  3:24  Drone x2  
  42  3:33  Queen, Drone x2  
  46  3:35  Spore Crawler  
  46  3:38  Drone  
  46  3:40  Drone  
  47  3:48  Queen  
  47  3:50  Overlord  
  49  4:01  Overlord  
  49  4:09  Evolution Chamber  
  48  4:14  Drone  
  48  4:15  Drone x2  
  48  4:16  Overlord  
  51  4:18  Overlord  
  51  4:19  Roach Warren  
  51  4:23  Drone x7  
  51  4:24  Drone  
  58  4:32  Spore Crawler  
  58  4:35  Drone  
  58  4:37  Zerg Missile Weapons Level 1  
  58  4:38  Drone x4  
  61  4:40  Extractor  
  61  4:41  Extractor  
  61  4:43  Drone x2  
  61  4:53  Overlord  
  61  4:54  Zergling x2  
  62  5:06  Drone x12  
  74  5:12  Drone x2  
  76  5:20  Lair  
  76  5:26  Hatchery  
  76  5:28  Zergling x8, Extractor  
  79  5:30  Extractor  
  79  5:33  Overlord  
  79  5:34  Overlord  
  77  5:38  Drone  
  77  5:42  Drone  
  79  5:45  Overlord  
  79  5:46  Overlord  
  79  5:47  Drone x6  
  84  6:02  Drone x4  
  88  6:07  Drone x2  
  88  6:22  Overlord  
  88  6:24  Hatchery  
  87  6:26  Drone x2  
  87  6:27  Hydralisk Den, Baneling Nest  
  86  6:36  Zergling x18  
  86  6:38  Zerg Melee Weapons Level 1  
  95  6:41  Zergling x8  
  95  6:46  Queen  
  101  6:54  Zergling x18  
  101  6:58  Overlord  
  101  7:00  Hydralisk  
  112  7:05  Hydralisk x2  
  116  7:15  Centrifugal Hooks  
  116  7:16  Muscular Augments, Hydralisk x8  
  116  7:17  Hydralisk x3  
  132  7:29  Hydralisk x6  
  129  7:34  Queen x2  
  138  7:38  Queen  
  139  7:50  Hydralisk x3  
  139  7:59  Hatchery  
  139  8:05  Baneling x14  
  136  8:12  Hydralisk  
  134  8:18  Hydralisk  
  134  8:19  Zergling x26  
  142  8:23  Zergling x4  
  142  8:25  Overlord x2  
  144  8:28  Grooved Spines  
  123  8:41  Zergling x18  
  122  8:48  Zergling x2  
  122  8:54  Hydralisk x2  
  116  8:56  Hydralisk x6  
  116  8:58  Zergling x4  
  116  9:01  Baneling x2  
  116  9:02  Zergling x4  
  130  9:10  Queen  
  130  9:11  Hydralisk, Extractor  
  130  9:12  Zergling x4  
  134  9:18  Hydralisk x2  
  134  9:22  Queen  
  140  9:26  Hydralisk  
  140  9:27  Zergling x6  
  140  9:28  Zergling x2  
  140  9:29  Baneling x3  
  146  9:35  Zergling x2  
  146  9:36  Zergling x8  
  149  9:48  Hydralisk x5  
  149  9:49  Zergling x8  
  162  9:59  Hydralisk x3  
  151  10:00  Zergling x12  
  151  10:06  Baneling x4  
  151  10:09  Baneling x2  
  151  10:13  Hydralisk  
  151  10:14  Zergling x18  
  162  10:20  Hydralisk  
  164  10:28  Hydralisk x3  
  159  10:29  Zergling x4  
  139  10:45  Hydralisk x3  
  139  10:46  Hydralisk x2  
  139  10:47  Zergling x24  
  143  10:51  Queen  
  143  10:53  Hydralisk  
  143  10:54  Hydralisk  
  143  10:55  Zergling x4  
  147  10:59  Hydralisk  
  131  11:10  Drone x7  
  130  11:11  Extractor  
  130  11:12  Extractor  
  130  11:13  Hydralisk  
  130  11:15  Hydralisk  
  123  11:30  Hydralisk x3  
Show
View Real Time Build Order
Export as new Build Order

MCanning Protoss - Winner!

Build Orders: 1 Gate Expand 

Get SALT Encoding   

  12  0:00  Probe  
  13  0:12  Probe  
  14  0:20  Pylon  
  14  0:24  Probe  
  15  0:38  Probe (Chrono Boost)  
  15  0:39  Gateway  
  16  0:49  Probe (Chrono Boost), Assimilator  
  17  0:54  Probe (Chrono Boost)  
  18  1:04  Probe  
  19  1:16  Probe  
  20  1:26  Nexus  
  20  1:35  Cybernetics Core  
  20  1:38  Probe (Chrono Boost)  
  21  1:47  Assimilator  
  21  1:50  Probe (Chrono Boost)  
  22  1:55  Pylon  
  22  1:59  Probe (Chrono Boost)  
  23  2:10  Adept (Chrono Boost)  
  23  2:13  Probe  
  26  2:22  Stargate  
  26  2:25  Probe  
  27  2:34  Stalker  
  29  2:37  Probe  
  29  2:40  Probe  
  29  2:43  Warp Gate  
  30  2:49  Probe  
  31  2:53  Probe  
  32  3:01  Probe  
  32  3:05  Probe  
  34  3:12  Void Ray (Chrono Boost)  
  38  3:17  Probe x2 (Chrono Boost)  
  40  3:22  Gateway  
  42  3:27  Probe (Chrono Boost)  
  42  3:29  Probe (Chrono Boost)  
  42  3:31  Pylon  
  42  3:32  Probe (Chrono Boost)  
  43  3:38  Assimilator  
  43  3:40  Probe  
  44  3:43  Probe  
  44  3:44  Assimilator  
  45  3:53  Fleet Beacon  
  45  3:59  Probe x2  
  47  4:04  Shield Battery  
  47  4:11  Stargate  
  47  4:13  Probe (Chrono Boost)  
  47  4:15  Probe (Chrono Boost)  
  49  4:24  Probe (Chrono Boost)  
  51  4:26  Probe (Chrono Boost)  
  51  4:28  Probe (Chrono Boost)  
  52  4:35  Probe  
  52  4:38  Nexus  
  53  4:41  Pylon  
  53  4:53  Probe, Pylon  
  53  4:58  Tempest (Chrono Boost)  
  53  4:59  Probe  
  60  5:05  Probe  
  61  5:11  Probe  
  61  5:12  Pylon  
  67  5:15  Sentry  
  67  5:18  Probe  
  70  5:23  Tempest (Chrono Boost)  
  70  5:27  Tempest (Chrono Boost)  
  70  5:30  Probe  
  70  5:32  Probe  
  77  5:37  Pylon  
  77  5:40  Pylon  
  77  5:47  Protoss Air Weapons Level 1  
  77  5:49  Probe  
  78  5:51  Probe  
  84  5:57  Adept  
  84  5:58  Adept  
  84  6:01  Tempest (Chrono Boost)  
  86  6:08  Tempest (Chrono Boost)  
  86  6:09  Probe  
  92  6:12  Shield Battery  
  92  6:15  Probe x2  
  94  6:21  Pylon  
  94  6:23  Robotics Facility, Probe  
  95  6:30  Probe  
  96  6:35  Forge, Probe  
  96  6:36  Twilight Council  
  96  6:38  Pylon  
  96  6:39  Assimilator  
  101  6:48  Void Ray (Chrono Boost)  
  101  6:49  Unknown  
  101  6:50  Probe  
  101  6:53  Probe  
  103  6:55  Assimilator  
  103  6:58  Gateway  
  103  6:59  Gateway  
  103  7:01  Gateway  
  103  7:02  Probe  
  103  7:07  Void Ray (Chrono Boost), Flux Vanes  
  108  7:10  Observer  
  108  7:13  Zealot x2  
  113  7:22  Photon Cannon  
  113  7:27  Probe  
  113  7:29  Photon Cannon  
  114  7:32  Charge (Chrono Boost)  
  114  7:36  Protoss Ground Weapons Level 1 (Chrono Boost)  
  110  7:37  Robotics Bay  
  110  7:40  Gateway  
  110  7:41  Probe  
  110  7:44  Gateway x2  
  111  7:49  Probe  
  111  7:50  Gateway  
  112  7:55  Photon Cannon  
  112  7:58  Photon Cannon  
  107  8:02  Zealot  
  107  8:03  Zealot x2  
  112  8:07  Void Ray  
  116  8:18  Void Ray  
  111  8:25  Pylon  
  115  8:27  Disruptor (Chrono Boost)  
  115  8:28  Pylon  
  115  8:33  Zealot x2  
  115  8:34  Zealot  
  106  8:42  Pylon  
  106  8:44  Zealot x5  
  117  8:53  Void Ray  
  115  8:57  Probe  
  115  9:00  Disruptor (Chrono Boost)  
  123  9:07  Void Ray, Photon Cannon  
  123  9:08  Shield Battery  
  123  9:18  Nexus  
  123  9:19  Templar Archives  
  123  9:20  Photon Cannon  
  123  9:21  Shield Battery  
  123  9:23  Pylon  
  123  9:26  Probe, Protoss Ground Weapons Level 2 (Chrono Boost)  
  123  9:27  Zealot x2  
  123  9:28  Disruptor (Chrono Boost)  
  135  9:39  Void Ray  
  135  9:41  Stalker  
  137  9:50  Zealot x4  
  145  9:59  Zealot x3  
  149  10:05  Pylon  
  149  10:07  Pylon  
  149  10:13  Probe  
  148  10:15  Photon Cannon  
  148  10:17  Shield Battery  
  148  10:22  Disruptor  
  151  10:31  High Templar x4  
  151  10:32  Zealot x4  
  156  10:48  Archon x2  
  147  10:51  Pylon  
  147  10:56  Zealot x2  
  147  10:57  Zealot x2  
  135  10:58  Disruptor  
  135  11:04  Zealot x4  
  128  11:09  Void Ray x2 (Chrono Boost)  
  136  11:27  Zealot x3  
  136  11:28  Zealot x5  
  145  11:50  Zealot  
  145  11:51  Zealot x7  
Tags
 
Add a new tag
Caveats
  • Supply blocks, unpowered buildings, or Contaminate may cause inaccurate times.
  • Supply counts are checked every 10 seconds.